 Dungeon Crawl Stone Soup version 0.29.0-4-gdea44cf6ec (webtiles) character file.

Game seed: 17518658787260963018

63 qw the Chopper (level 4, -3/26 HPs)
             Began as a Tengu Warper on Aug 28, 2022.
             Slain by Robin
             ... wielding a +5 dagger of protection
              (5 damage)
             ... on level 2 of the Dungeon.
             The game lasted 00:00:08 (1195 turns).

qw the Chopper (Tengu Warper)                       Turns: 1195, Time: 00:00:08

Health: -3/26      AC:  3    Str: 11 (13) XL:     4   Next: 9%
Magic:  8/8        EV: 11    Int: 12 (14) God:
Gold:   69         SH:  0    Dex: 11 (13) Spells: 7/7 levels left

rFire   . . .      SeeInvis .   Y - +1 hand axe
rCold   . . .      Faith    .   (no shield)
rNeg    . . .      Spirit   .   b - +0 leather armour
rPois   .          Reflect  .   (helmet restricted)
rElec   .          Harm     .   (no cloak)
rCorr   .          Rampage  .   (no gloves)
Will    .....                   (boots unavailable)
Stlth   +.........              (no amulet)
HPRegen 0.08/turn               (no ring)
MPRegen 0.11/turn               (no ring)

@: about to teleport
A: beak, talons 3
a: no special abilities


You were on level 2 of the Dungeon.
You visited 1 branch of the dungeon, and saw 2 of its levels.

You collected 69 gold pieces.


Innate Abilities, Weirdness & Mutations

You have a beak for a mouth.
You have claws for feet.


   Skills:
 - Level 2.0 Fighting
 + Level 4.7 Axes
 - Level 1.0 Throwing
 - Level 1.1 Armour
 - Level 2.1 Dodging
 - Level 2.0 Spellcasting
 - Level 2.4 Translocations


You had 7 spell levels left.
You didn't know any spells.
Your spell library contained the following spells:

 Spells                   Type           Power      Damage    Failure   Level
 Blink                    Tloc           12%        N/A       21%         2
 Gell's Gravitas          Tloc           6%         N/A       38%         3
 Lesser Beckoning         Tloc           6%         N/A       38%         3
 Teleport Other           Tloc           6%         N/A       38%         3
 Manifold Assault         Tloc           6%         N/A       98%         5

Inventory:

Hand Weapons
 g - a +0 flail
 Y - a +1 hand axe (weapon)
Armour
 b - a +0 leather armour (worn)
Potions
 a - a potion of might {unknown}
 i - a potion of curing {unknown}

Dungeon Overview and Level Annotations

Branches:
Dungeon (2/15)

Altars:

Annotations:
D:2 Robin


Message History

You hit the hobgoblin.
You kill the hobgoblin!
You hit the goblin.
You kill the goblin!
Robin throws the goblin at you! The goblin barely misses you.
You have reached level 4!
You feel clever.
You hit the goblin. Your kick misses the goblin.
The goblin is severely wounded.
You hit the goblin.
You kill the goblin!
Robin says, "Feeling lonely?"
The goblin hits you but does no damage.
You hit the goblin.
You kill the goblin!
A goblin comes into view. It is wielding a +0 dagger.
You barely miss Robin. You claw Robin.
Robin is moderately wounded.
You completely miss the goblin.
Robin says, "A pitiful Tengu like you will never find the ORB!"
Robin hits you with a +5 dagger of protection.
The goblin barely misses you.
You closely miss Robin. You claw Robin, but do no damage.
Robin is moderately wounded.
You hit the goblin.
You kill the goblin!
Robin closely misses you.
You hit Robin but do no damage. You claw Robin, but do no damage.
Your peck misses Robin.
Robin is moderately wounded.
Robin hits you with a +5 dagger of protection.
1194 ||| READING scroll of teleportation.
As you read the scroll of teleportation, it crumbles to dust.
You feel strangely unstable. Robin hits you but does no damage.
You hit Robin. Your peck misses Robin.
Robin is heavily wounded.
Robin throws the goblin at you! The goblin closely misses you.
The goblin hits you with a +0 dagger.
Robin hits you with a +5 dagger of protection.
You die...

...........#######
#.#..##..###
#.......%#####
###.#.......#
###.#.#####.#
#.....#####.#
##.#>#<........#
.......g.##.##.#
#..#.#.#@# ..
#...)g).....#
###.#.#####.#
#.#.. # ....#
.#.#.# #..#..# #
#.#


You could see Robin and a goblin (strong).

Vanquished Creatures
  A gnoll (D:1)
  An adder (D:2)
  4 ball pythons (D:1)
  2 bats (D:1)
  2 endoplasms
  3 giant cockroaches
  5 hobgoblins
  4 jackals (D:1)
  A frilled lizard (D:1)
  10 goblins
  2 kobolds (D:1)
  3 rats (D:1)
38 creatures vanquished.

Notes
Turn   | Place    | Note
-------+----------+-------------------------------------------
     0 | D:1      | qw the Tengu Warper began the quest for the Orb.
     0 | D:1      | Reached XP level 1. HP: 12/12 MP: 4/4
     0 | D:1      | 0 ||| qw: Version: 0.1-a-89-g26bdef1
     0 | D:1      | 0 ||| qw: Game counter: 75
     0 | D:1      | 0 ||| qw: Always use a shield: true
     0 | D:1      | 0 ||| qw: God list: Okawaru
     0 | D:1      | 0 ||| qw: Allow faded altars: false
     0 | D:1      | 0 ||| qw: Do Orc after D:15 true
     0 | D:1      | 0 ||| qw: Do second Lair branch before Depths: true
     0 | D:1      | 0 ||| qw: Lair rune preference: random
     0 | D:1      | 0 ||| qw: Plans: Normal
     0 | D:1      | 0 ||| PLANNING D:1-11
    85 | D:1      | 85 ||| Stepping ~*~*~tactically~*~*~ (stealth).
    86 | D:1      | 86 ||| Stepping ~*~*~tactically~*~*~ (stealth).
    93 | D:1      | 93 ||| Stepping ~*~*~tactically~*~*~ (stealth).
   102 | D:1      | 102 ||| Stepping ~*~*~tactically~*~*~ (stealth).
   103 | D:1      | 103 ||| Stepping ~*~*~tactically~*~*~ (stealth).
   110 | D:1      | Reached skill level 3 in Axes
   110 | D:1      | Reached XP level 2. HP: 17/17 MP: 6/6
   277 | D:1      | 277 ||| Stepping ~*~*~tactically~*~*~ (stealth).
   284 | D:1      | 284 ||| Stepping ~*~*~tactically~*~*~ (stealth).
   287 | D:1      | 287 ||| Stepping ~*~*~tactically~*~*~ (stealth).
   468 | D:1      | Reached XP level 3. HP: 8/21 MP: 7/7
   598 | D:1      | Reached skill level 4 in Axes
   665 | D:1      | 665 ||| DROPPING +0 whip.
  1017 | D:1      | 1017 ||| READING 3 scrolls labelled KIUVUZ IJUROSO.
  1018 | D:1      | 1018 ||| READING scroll labelled SIFFUIH PEASU.
  1019 | D:1      | 1019 ||| READING 2 scrolls labelled YTSUQUCKOE.
  1022 | D:1      | 1022 ||| READING scroll labelled COREMUN MUNK.
  1023 | D:1      | 1023 ||| DRINKING 2 emerald potions.
  1024 | D:1      | 1024 ||| DROPPING 2 scrolls of magic mapping.
  1025 | D:1      | 1025 ||| DROPPING scroll of blinking.
  1026 | D:1      | 1026 ||| DROPPING potion of degeneration.
  1178 | D:2      | 1178 ||| Stepping ~*~*~tactically~*~*~ (stealth).
  1180 | D:2      | 1180 ||| Stepping ~*~*~tactically~*~*~ (hiding).
  1180 | D:2      | Noticed Robin
  1189 | D:2      | Reached XP level 4. HP: 14/26 MP: 8/8
  1193 | D:2      | HP: 6/26 [Robin/+5 dagger of protection (2)]
  1194 | D:2      | 1194 ||| READING scroll of teleportation.
  1195 | D:2      | HP: 2/26 [goblin/+0 dagger[Robin] (3)]
  1195 | D:2      | Slain by Robin

Levels and vault maps discovered:
D:1:      dpeg_arrival_stonehenge_12_columns, layout_basic, nrook_uturn
D:2:      layout_loops_cross, basic_ecumenical_altar, nrook_loot_triangle,
          uniq_robin, uniq_terence

Skill      XL: |  1  2  3 |
---------------+----------+-----
Axes           | 3 4 |  4.7
Fighting       | |  2.0
Throwing       | |  1.0
Armour         | |  1.1
Dodging        | |  2.1
Spellcasting   | |  2.0
Translocations | |  2.4

Action                   |  1- 3 |  4- 6 || total
-------------------------+-------+-------++-------
Melee: Hand axe          |    63 |     6 ||    69
       Kick              |    12 |     3 ||    15
       Peck              |     5 |       ||     5
Throw: Boomerang         |    23 |       ||    23
  Use: Scroll            |     4 |     1 ||     5
       Potion            |     1 |       ||     1
Armor: Leather armour    |    13 |     2 ||    15
Dodge: Dodged            |    42 |     3 ||    45

Table legend:
 A = Non-vault XP
 B = Vault XP
 C = Vault XP percentage of total XP
 D = Non-vault monster count
 E = Vault monster count
 F = Vault count percentage of total count
                 A         B        C        D         E       F
            +---------+---------+-------+---------+---------+-------
      Total |      72 |      18 |  20.0 |      28 |      10 |  26.3
            +---------+---------+-------+---------+---------+-------
        D:1 |      53 |       0 |   0.0 |      24 |       0 |   0.0
        D:2 |      19 |      18 |  48.6 |       4 |      10 |  71.4
            +---------+---------+-------+---------+---------+-------
